Map: Lightshade LE

Players

Trizztein

  • Race: Zerg Zerg
  • League: Diamond
  • Spawn Location: 11:00

llllllllllll - Winner!

  • Race: Terran Terran
  • League: Diamond
  • Spawn Location: 5:00

VOD

Have the link to the VOD?

Description

Time

  • Played on: Feb. 1, 2021, 8:45 a.m.
  • Length: 19:21
Show
View Real Time Build Order
Export as new Build Order

Trizztein Zerg 

Build Orders: Hatch First 

Get SALT Encoding   

  12  0:00  Drone  
  13  0:12  Overlord  
  13  0:18  Drone  
  14  0:30  Drone x2  
  16  0:48  Hatchery  
  15  0:51  Drone  
  15  0:56  Drone  
  17  1:01  Drone  
  18  1:10  Extractor  
  17  1:16  Spawning Pool, Drone  
  17  1:20  Drone  
  18  1:28  Drone  
  19  1:39  Drone  
  20  1:53  Overlord  
  20  2:02  Queen x2  
  20  2:03  Zergling x4  
  26  2:13  Drone x2  
  26  2:14  Metabolic Boost  
  28  2:35  Hatchery  
  26  2:48  Queen  
  26  2:49  Drone  
  26  2:50  Drone  
  30  2:52  Pneumatized Carapace  
  30  2:57  Drone  
  31  3:00  Overlord  
  31  3:10  Drone x3  
  31  3:11  Drone  
  35  3:15  Overlord  
  35  3:26  Queen  
  37  3:30  Drone x3  
  37  3:31  Drone  
  41  3:41  Overlord  
  41  3:43  Zergling x2  
  41  3:44  Zergling x2  
  43  4:00  Roach Warren  
  43  4:01  Extractor  
  42  4:02  Extractor, Drone  
  42  4:03  Drone x7  
  48  4:15  Drone x3  
  51  4:21  Zergling x4  
  54  4:24  Drone x3  
  54  4:30  Extractor, Drone x2  
  57  4:32  Lair  
  58  4:38  Drone  
  58  4:40  Evolution Chamber  
  58  4:41  Drone  
  58  4:42  Roach x3  
  60  5:06  Drone x9  
  64  5:11  Drone x4  
  64  5:17  Drone  
  65  5:23  Zerg Missile Weapons Level 1  
  65  5:25  Overlord x2  
  65  5:39  Overlord x2, Extractor x2  
  65  5:40  Overlord  
  65  5:41  Glial Reconstitution  
  63  5:43  Hatchery  
  62  5:55  Spore Crawler  
  61  5:57  Spore Crawler  
  61  5:58  Spore Crawler, Drone x7  
  61  5:59  Drone  
  61  6:01  Drone  
  68  6:06  Roach x2  
  68  6:11  Infestation Pit, Drone x2  
  73  6:19  Spine Crawler, Roach  
  73  6:21  Roach  
  76  6:29  Roach x3  
  82  6:39  Queen  
  84  6:41  Queen  
  86  6:53  Roach  
  88  6:57  Roach x3  
  94  7:09  Overlord x4  
  94  7:14  Pathogen Glands  
  94  7:22  Overlord x2  
  94  7:28  Zergling x2  
  94  7:29  Zergling x2  
  96  7:30  Roach x4  
  96  7:32  Drone x2  
  102  7:47  Roach x7  
  102  7:50  Infestor  
  116  7:53  Infestor  
  116  7:57  Drone x3  
  121  8:03  Queen  
  123  8:10  Neural Parasite  
  123  8:11  Drone x5  
  128  8:24  Overlord x3  
  128  8:27  Spine Crawler  
  127  8:29  Spine Crawler  
  118  9:00  Roach x15  
  118  9:02  Ravager x2  
  147  9:03  Ravager x3  
  147  9:06  Infestor  
  151  9:12  Zerg Missile Weapons Level 2  
  151  9:15  Overlord  
  151  9:22  Spine Crawler, Drone  
  151  9:23  Drone  
  152  9:32  Overlord x3  
  152  9:33  Ravager x4  
  152  9:34  Ravager x2  
  152  9:35  Ravager  
  159  9:41  Drone  
  160  9:50  Overseer  
  160  9:59  Burrow, Overlord  
  160  10:00  Overlord  
  160  10:01  Drone x10  
  160  10:05  Drone  
  171  10:14  Spire  
  171  10:19  Roach x5  
  180  10:23  Spine Crawler  
  180  10:25  Spine Crawler  
  180  10:26  Spine Crawler  
  177  10:33  Roach x5  
  143  10:55  Infestor x3  
  143  10:56  Infestor  
  140  10:58  Roach x6  
  141  11:08  Roach x3  
  136  11:23  Roach x6  
  144  11:26  Queen x2  
  144  11:36  Roach x6  
  153  11:40  Drone x5  
  158  11:53  Hatchery  
  148  11:54  Hatchery  
  148  11:55  Roach x8  
  151  12:01  Roach x3  
  151  12:02  Roach x2  
  151  12:06  Ravager x5  
  151  12:07  Roach x5  
  172  12:20  Infestor  
  172  12:21  Infestor x2  
  178  12:23  Roach x5  
  188  12:30  Extractor  
  188  12:31  Extractor  
  188  12:36  Roach x3  
  192  12:46  Overlord x2  
  192  12:47  Overlord  
  192  12:49  Extractor  
  192  12:51  Overlord x2, Extractor  
  190  13:03  Ravager x2  
  190  13:05  Ravager x4  
  196  13:17  Ravager  
  196  13:18  Ravager x3  
  200  13:21  Overseer x3  
  129  13:54  Roach x3  
  129  13:55  Roach x14  
  151  14:08  Hive  
  151  14:17  Drone x9  
  151  14:18  Roach x5, Drone x4  
  151  14:19  Roach x6  
  186  14:28  Ravager x11  
  186  14:31  Spine Crawler x2, Queen  
  196  14:41  Spine Crawler  
  193  15:08  Roach x3  
  193  15:09  Overlord x2  
  193  15:10  Overlord  
  158  15:31  Roach x6  
  158  15:32  Roach x17  
  171  15:43  Roach x7  
  164  16:03  Corruptor x5  
  166  16:06  Ravager x2  
  166  16:07  Ravager x5  
  166  16:08  Ravager x2  
  166  16:09  Ravager  
  172  16:34  Roach x2  
  172  16:35  Roach x10  
  153  17:10  Infestor x2  
  153  17:13  Roach x13  
  181  17:22  Roach x8  
  183  17:33  Roach x4  
  177  17:39  Roach x6  
  185  17:54  Ravager x6  
  185  17:55  Ravager x3  
  185  17:56  Ravager x2  
  185  17:57  Ravager  
  185  17:58  Zergling x2  
  196  18:03  Queen  
  198  18:12  Queen  
  198  18:15  Spine Crawler x3  
  197  18:25  Roach  
  199  18:30  Corruptor x2  
  176  18:46  Roach x14  
  148  19:00  Roach x5  
Show
View Real Time Build Order
Export as new Build Order

llllllllllll Terran - Winner!

Build Orders: 2 Factory, Hellion Opening, Reaper Expand, Mech 

Get SALT Encoding   

  12  0:03  SCV  
  13  0:15  SCV  
  13  0:18  Supply Depot  
  14  0:27  SCV  
  15  0:39  SCV  
  15  0:40  Barracks  
  16  0:46  Refinery  
  16  0:51  SCV  
  17  1:04  SCV  
  18  1:16  SCV  
  19  1:28  Orbital Command  
  19  1:30  Reaper  
  20  1:42  Command Center  
  20  1:54  SCV  
  21  1:55  Supply Depot  
  21  2:07  SCV  
  21  2:08  Factory  
  22  2:15  Refinery  
  22  2:19  SCV  
  23  2:31  SCV, Barracks Reactor  
  24  2:43  SCV  
  25  2:55  SCV, Orbital Command  
  26  3:06  Supply Depot  
  26  3:07  SCV  
  27  3:14  Hellion  
  27  3:15  Hellion  
  27  3:19  SCV  
  32  3:20  SCV  
  32  3:23  Factory  
  33  3:31  SCV  
  33  3:32  SCV  
  35  3:37  Hellion x2  
  38  3:41  Supply Depot  
  38  3:43  SCV  
  38  3:45  SCV  
  38  3:47  Factory  
  40  3:56  SCV  
  40  3:57  SCV  
  40  3:58  Hellion x2  
  46  4:04  Engineering Bay  
  46  4:08  SCV  
  46  4:09  Factory Tech Lab, SCV  
  48  4:14  Command Center  
  48  4:20  SCV, Hellion  
  48  4:21  SCV  
  54  4:24  Hellion  
  54  4:28  Infernal Pre-Igniter  
  54  4:31  Factory Tech Lab  
  54  4:32  SCV  
  54  4:33  SCV  
  54  4:35  Cyclone  
  59  4:46  SCV  
  58  5:03  Cyclone  
  58  5:04  Hellion  
  61  5:07  Hellion  
  61  5:10  Cyclone  
  62  5:20  Refinery x2  
  62  5:22  Supply Depot  
  62  5:23  Supply Depot, Mag-Field Accelerator  
  62  5:24  Supply Depot  
  62  5:26  SCV, Hellion  
  65  5:28  Supply Depot  
  65  5:33  SCV  
  66  5:35  Cyclone  
  66  5:38  SCV  
  70  5:45  SCV  
  70  5:46  Orbital Command  
  71  5:50  SCV  
  72  5:57  SCV  
  72  6:02  SCV  
  72  6:03  Cyclone  
  79  6:04  Hellion, Command Center  
  79  6:07  Cyclone  
  79  6:09  SCV  
  83  6:13  SCV  
  83  6:14  SCV  
  85  6:20  Armory  
  85  6:22  SCV, Armory  
  85  6:25  SCV  
  87  6:27  SCV, Hellion  
  90  6:34  SCV  
  90  6:36  Cyclone, Hellion  
  90  6:37  SCV  
  90  6:39  SCV  
  98  6:46  SCV  
  99  6:49  SCV  
  99  6:51  Cyclone, Hellion  
  99  6:52  SCV  
  106  6:55  Refinery  
  106  6:56  Refinery  
  106  6:58  SCV  
  107  7:05  Factory  
  107  7:06  SCV x2, Factory  
  109  7:09  Factory  
  109  7:10  Terran Vehicle Weapons Level 1  
  109  7:16  Terran Vehicle And Ship Armor Level 1  
  109  7:22  Command Center  
  109  7:25  Cyclone, Hellion  
  109  7:26  Hellion x2  
  108  7:47  Hellion  
  108  7:49  Planetary Fortress  
  108  7:51  Cyclone, Hellion  
  115  7:52  SCV  
  115  7:53  SCV x2  
  115  7:57  Hellion  
  124  7:59  Factory Tech Lab  
  124  8:01  Factory Reactor  
  124  8:03  Supply Depot  
  124  8:04  Factory Reactor  
  124  8:05  SCV, Supply Depot  
  121  8:06  SCV, Supply Depot  
  121  8:08  Hellion  
  124  8:13  Neosteel Armor  
  124  8:20  Refinery  
  124  8:22  Refinery  
  124  8:25  SCV, Cyclone  
  124  8:26  Siege Tank  
  133  8:27  Hellion x2  
  133  8:28  SCV x2  
  133  8:30  Supply Depot, Hellion  
  133  8:31  Supply Depot  
  133  8:32  Supply Depot  
  132  8:54  Supply Depot  
  122  9:05  Siege Tank x2  
  122  9:06  Hellbat x4  
  136  9:11  SCV x3, Missile Turret  
  136  9:14  SCV  
  140  9:17  Missile Turret  
  140  9:18  Siege Tank, Missile Turret, Hellbat x2  
  140  9:20  Missile Turret  
  147  9:27  Hellbat  
  147  9:30  Missile Turret  
  149  9:37  Siege Tank x2  
  149  9:38  Missile Turret  
  155  9:41  Terran Vehicle And Ship Armor Level 2, Terran Vehicle Weapons Level 2  
  155  9:43  Hellbat, Command Center  
  155  9:44  SCV  
  158  9:47  Command Center  
  158  9:50  Siege Tank  
  158  9:51  Sensor Tower  
  161  9:53  SCV  
  162  10:07  SCV x4  
  166  10:19  SCV  
  167  10:21  Command Center  
  167  10:22  Factory, Starport  
  167  10:23  Starport, Factory  
  146  10:48  Siege Tank, Hellion  
  128  10:57  Missile Turret  
  128  10:58  SCV, Thor  
  128  10:59  Siege Tank, Hellbat  
  128  11:02  Missile Turret  
  136  11:10  Hellbat x2  
  136  11:11  Hellbat x3  
  142  11:20  Siege Tank  
  139  11:30  Thor  
  139  11:33  Hellion x2  
  139  11:37  Orbital Command  
  139  11:38  Planetary Fortress x2  
  143  11:41  Thor  
  149  11:49  Missile Turret  
  149  11:52  Thor  
  144  11:59  Hellbat  
  144  12:00  Hellbat x3  
  144  12:01  Hellbat x2  
  135  12:13  Siege Tank  
  134  12:21  Hellbat x2  
  134  12:22  Refinery x2  
  132  12:24  Siege Tank  
  135  12:35  Siege Tank  
  135  12:36  Hellbat x2  
  146  12:37  Hellbat x2  
  146  12:42  Hellbat x2  
  146  12:43  SCV x4  
  154  12:46  Cyclone  
  157  12:56  Cyclone  
  157  12:57  Hellbat x2  
  157  12:58  Hellbat x2  
  168  13:00  Orbital Command  
  168  13:04  Starport Reactor x2, Hellbat, Command Center  
  170  13:07  Thor, Terran Vehicle Weapons Level 3  
  170  13:09  Fusion Core  
  170  13:10  Hellbat x3  
  182  13:13  Smart Servos  
  182  13:17  Thor  
  188  13:21  SCV x2  
  190  13:28  Siege Tank  
  190  13:30  Hi-Sec Auto Tracking  
  190  13:31  Missile Turret  
  176  13:45  Factory Tech Lab, Factory Reactor  
  176  13:46  Hellbat  
  176  13:47  Widow Mine  
  160  13:49  Thor  
  160  14:00  Thor, Siege Tank  
  160  14:02  Liberator x3  
  178  14:06  Hellbat x2  
  178  14:07  Hellbat  
  184  14:15  SCV  
  184  14:16  SCV x3  
  188  14:25  Liberator  
  188  14:26  Hellbat  
  188  14:29  Command Center  
  193  14:32  Thor, Missile Turret  
  193  14:35  Missile Turret  
  199  14:53  Missile Turret  
  199  14:58  Missile Turret  
  199  15:14  Missile Turret  
  199  15:18  Missile Turret  
  198  15:24  Thor  
  198  15:25  Siege Tank  
  198  15:26  Siege Tank, Hellbat  
  193  15:33  Thor  
  193  15:34  Hellbat x2  
  193  15:35  Missile Turret  
  174  15:46  Hellbat x2  
  172  15:54  Terran Ship Weapons Level 1, Terran Vehicle And Ship Armor Level 3  
  172  15:57  Thor  
  178  16:10  Thor x2  
  178  16:11  Hellbat x4  
  196  16:12  Hellbat  
  196  16:14  Command Center  
  197  16:52  Thor x2  
  197  16:53  Hellbat x2  
  197  16:54  Hellbat  
  181  17:03  Thor  
  181  17:04  Thor, Hellbat  
  167  17:16  Hellbat x3  
  167  17:17  Hellbat x4  
  167  17:18  Liberator  
  167  17:19  Liberator x3  
  193  17:23  Refinery  
  193  17:25  Refinery  
  193  17:26  Hellbat  
  185  17:35  Planetary Fortress, Thor, SCV  
  185  17:36  SCV, Hellbat  
  181  17:38  Hellbat x3  
  181  17:39  Hellbat  
  181  17:40  Hellbat x2  
  181  17:41  Hellbat  
  195  17:47  Siege Tank, Missile Turret, Drilling Claws  
  195  17:48  Missile Turret  
  198  17:57  Siege Tank  
  198  17:58  Command Center  
  168  18:51  Hellbat  
  168  18:52  Hellbat x3  
  168  18:53  Hellbat  
  184  19:09  SCV x2  
Tags
 
Add a new tag
Caveats
  • Supply blocks, unpowered buildings, or Contaminate may cause inaccurate times.
  • Supply counts are checked every 10 seconds.